 Dungeon Crawl Stone Soup version 0.31.0-11-ge490571c62 (webtiles) character file.

Game seed: 7620012159825181508

289 Arcadio the Sneak (level 6, 0/49 HPs)
             Began as a Human Delver on Jan 29, 2024.
             Was an Initiate of Ashenzari.
             Slain by a gnoll
             ... wielding a +0 flail
              (11 damage)
             ... on level 3 of the Dungeon.
             The game lasted 00:04:32 (2636 turns).

Arcadio the Sneak (Human Delver)                    Turns: 2636, Time: 00:04:33

Health: 0/49       AC: 10    Str: 13    XL:     6   Next: 31%
Magic:  15/15      EV:  7    Int: 10    God:    Ashenzari [......]
Gold:   214        SH:  0    Dex: 16    Spells: 5/5 levels left

rFire   + . .        u - +1 war axe (flame)
rCold   + . .        (no shield)
rNeg    . . .        j - +0 chain mail
rPois   .            i - +0 helmet
rElec   .            w - scarf {rC+ rF+}
rCorr   .            k - +0 pair of gloves
SInv    .            (no boots)
Will    .....        (no amulet) Stlth
                     o - ring of magical power
HPRegen 0.28/turn    (no ring)
MPRegen 0.14/turn

%: no passive effects
@: no status effects
A: explore regen
a: Renounce Religion


You were on level 3 of the Dungeon.
You worshipped Ashenzari.
Ashenzari was noncommittal.
You visited 2 branches of the dungeon, and saw 6 of its levels.

You collected 214 gold pieces.

Inventory:

Hand Weapons
 a - a +0 falchion
 u - a +1 war axe of flaming (weapon)
Armour
 b - a +0 leather armour
 i - a +0 helmet (worn)
 j - a +0 chain mail (worn)
 k - a +0 pair of gloves (worn)
 w - a scarf of resistance (worn)
Jewellery
 o - a ring of magical power (left hand)
Wands
 g - a wand of digging (3)
Scrolls
 c - a scroll of fog
 d - a scroll of revelation
 e - 3 scrolls of fear
 h - 2 scrolls of amnesia {unknown}
 m - a scroll of silence {unknown}
 n - 4 scrolls of identify {unknown}
 p - 2 scrolls of immolation {unknown}
 r - a scroll of poison {unknown}
 t - a scroll of brand weapon {unknown}
 v - a scroll of teleportation {unknown}
 x - a scroll of blinking {unknown}
 y - a scroll of vulnerability {unknown}
Potions
 f - a potion of haste
 l - 2 potions of enlightenment {unknown}
 q - 2 potions of curing {unknown}
 s - 2 potions of ambrosia {unknown}
 z - a potion of attraction {unknown}


   Skills:
 + Level 4.6 Fighting
 - Level 3.4 Long Blades
 + Level 1.6 Armour
 + Level 4.0 Dodging
 - Level 5.0 Stealth


You had 5 spell levels left.
You didn't know any spells.
Your spell library contained the following spells:

 Spells                   Type           Power      Damage    Failure   Level
 Blink                    Tloc           0%         N/A       100%        2
 Lesser Beckoning         Tloc           0%         N/A       100%        2
 Momentum Strike          Conj/Tloc      0%         3d8       100%        2


Dungeon Overview and Level Annotations

Branches:
Dungeon (5/15)             Temple (1/1) D:4

Altars:
Ashenzari
Cheibriados
Dithmenos
Elyvilon
Fedhas
Gozag
Hepliaklqana
Kikubaaqudgha
Nemelex Xobeh
Okawaru
Qazlal
Ru
Sif Muna
Trog
Vehumet
Wu Jian
Xom
Yredelemnul
Zin


Innate Abilities, Weirdness & Mutations

You regain HP and MP as you explore.


Message History

The gnoll shouts!
The gnoll hits you but does no damage.
You barely miss the gnoll. You hit the gnoll. You burn the gnoll.
The gnoll hits you with a +0 flail. The gnoll hits you but does no damage.
The gnoll hits you with a +0 flail. The gnoll hits you with a +0 whip.
You hit the gnoll. You burn the gnoll.
The gnoll is moderately wounded.
You closely miss the kobold. You hit the gnoll. You burn the gnoll.
You closely miss the gnoll. The kobold barely misses you.
The gnoll hits you but does no damage. The gnoll hits you with a +0 flail.
The gnoll hits you but does no damage. The kobold attacks as it pursues you!
The kobold barely misses you. The gnoll attacks as it pursues you!
The gnoll hits you but does no damage. x2
The gnoll attacks as it pursues you! The gnoll barely misses you.
The gnoll attacks as it pursues you! The gnoll hits you but does no damage.
The gnoll attacks as it pursues you! The gnoll hits you but does no damage.
The gnoll attacks as it pursues you! The gnoll barely misses you.
The kobold barely misses you.
There is a stone staircase leading up here.
The gnoll hits you with a +0 flail. The kobold hits you but does no damage.
The gnoll barely misses you.
You climb upwards.
There is a stone staircase leading down here.
The gnoll attacks as it pursues you! The gnoll barely misses you.
The kobold hits you but does no damage. The gnoll hits you with a +0 whip.
The kobold hits you with a +0 whip. The gnoll attacks as it pursues you!
The gnoll hits you with a +0 flail.
You hit the gnoll. You burn the gnoll.
The gnoll is heavily wounded.
The gnoll hits you with a +0 flail. The gnoll barely misses you.
You closely miss the gnoll.
The gnoll is heavily wounded.
The gnoll hits you but does no damage.
You hit the gnoll. You burn the gnoll.
The gnoll is severely wounded.
The gnoll hits you with a +0 flail. The gnoll closely misses you.
You hit the gnoll. You burn the gnoll.
The gnoll is almost dead.
The gnoll hits you with a +0 flail!
You die...

#########......# ##..
#..............# #...
#..............# #...
#..............# #...
#........#.....# #...
#........##.####
####... ###.#<..###.##
###....รท.
#.#######..####...###..
#.....@gKg>.....### ###
#################


You could see 2 gnolls and a kobold.

Vanquished Creatures
  An ice beast (D:4)
  A hound (D:4)
  Natasha (thrice) (D:2)
  4 adders
  3 dart slugs
  2 endoplasms (D:1)
  3 giant cockroaches
  4 goblins
  6 hobgoblins
  6 quokkas
  4 ball pythons
  10 bats
  A frilled lizard (D:3)
  8 kobolds
  2 rats
58 creatures vanquished.

Notes
Turn   | Place    | Note
-------+----------+-------------------------------------------
     0 | D:5      | Arcadio the Human Delver began the quest for the Orb.
     0 | D:5      | Reached XP level 1. HP: 18/18 MP: 1/1
     5 | D:5      | Noticed a hound
     6 | D:5      | Noticed an ogre
    92 | D:4      | Reached XP level 2. HP: 18/24 MP: 2/2
   334 | D:3      | Reached XP level 3. HP: 20/29 MP: 3/3
   587 | D:2      | Noticed Natasha
   596 | D:2      | Killed Natasha
   597 | D:2      | Reached XP level 4. HP: 37/37 MP: 4/4
   660 | D:2      | Noticed Natasha
   672 | D:2      | Killed Natasha
   767 | D:2      | Noticed Natasha
   810 | D:2      | Killed Natasha
   811 | D:2      | Reached XP level 5. HP: 28/42 MP: 5/5
  2295 | D:4      | Found a staircase to the Ecumenical Temple.
  2301 | Temple   | Entered the Ecumenical Temple
  2318 | Temple   | Became a worshipper of Ashenzari the Shackled
  2362 | D:4      | Noticed an ice beast
  2371 | D:4      | Killed an ice beast
  2372 | D:4      | Reached skill level 1 in Armour
  2372 | D:4      | Reached XP level 6. HP: 49/49 MP: 6/6
  2636 | D:3      | Slain by a gnoll

Illustrated notes

Levels and vault maps discovered:
D:1:      minmay_arrival_pointy, layout_basic
D:2:      layout_basic, uniq_natasha
D:3:      layout_basic
D:4:      layout_gridville, minmay_temple_entry_enclosed_plants
D:5:      layout_cave_pools, makhleb_altar_promises_db,
          kennysheep_generic_room_3
Temple:   hellmonk_temple_of_storms

Skill      XL: |  1  2  3  4  5  6 |
---------------+-------------------+-----
Long Blades    | 3 |  3.4
Dodging        | 3 4 |  4.0
Fighting       | 4 |  4.6
Armour         | 1 |  1.6
Stealth        | |  5.0

Action                     |  1- 3 |  4- 6 || total
---------------------------+-------+-------++-------
  Melee: Falchion          |    70 |    75 ||   145
         War axe           |       |    40 ||    40
         Punch             |       |     1 ||     1
 Armour: Leather armour    |    10 |       ||    10
         Chain mail        |    49 |   138 ||   187
  Dodge: Dodged            |    27 |    54 ||    81
